 Dungeon Crawl Stone Soup version 0.29.0-13-gc9e81de378 (webtiles) character file.

Game seed: 16329716443033642095

10763 LustLizard the Grappler (level 11, -8/110 HPs)
             Began as a Troll Fighter on Sept 6, 2022.
             Was a Priest of Wu Jian.
             Mangled by a tentacled starspawn (29 damage)
             ... on level 2 of the Abyss on Sept 8, 2022.
             The game lasted 00:22:16 (9725 turns).

LustLizard the Grappler (Troll Fighter)             Turns: 9725, Time: 00:22:18

Health: -8/110     AC:  6    Str: 26    XL:     11   Next: 40%
Magic:  10/10      EV: 10    Int: 10    God:    Wu Jian [***...]
Gold:   691        SH: 14    Dex: 11    Spells: 10/10 levels left

rFire   . . .      SeeInvis .     - Unarmed
rCold   + . .      Faith    .   b - +0 kite shield
rNeg    + . .      Spirit   .   O - +2 robe {rN+}
rPois   +          Reflect  +   (helmet restricted)
rElec   .          Harm     .   (no cloak)
rCorr   .          Rampage  .   (gloves unavailable)
Will    +....                   (boots unavailable)
Stlth   +.........              H - amulet of reflection
HPRegen 0.00/turn               v - ring "Upseghon" {rC+ Will+ Int+2 Dex+2}
MPRegen 0.12/turn               M - ring of poison resistance

@: about to teleport, sick
A: large, unfitting armour, claws 3, regeneration 1, shaggy fur 1, tough skin 1,
devolution 1
a: Renounce Religion, Wall Jump, Serpent's Lash


You were on level 2 of the Abyss.
You worshipped Wu Jian.
Wu Jian was most pleased with you.
You visited 2 branches of the dungeon, and saw 12 of its levels.
You visited the Abyss 1 time.

You collected 691 gold pieces.

Inventory:

Missiles
 c - 2 throwing nets
 e - 68 stones
 f - 3 javelins (quivered)
 j - 31 poisoned darts
 w - 3 silver javelins
 R - 3 boomerangs
Armour
 a - a +0 robe
 b - a +0 kite shield (worn)
 L - a +1 animal skin
 O - a +2 robe of positive energy (worn)
Jewellery
 g - a ring of protection from cold
 i - a ring of magical power
 v - the ring "Upseghon" (left claw) {rC+ Will+ Int+2 Dex+2}
   (You found it on level 5 of the Dungeon)

   [ring of protection from cold]

   Int:       It affects your intelligence (+2).
   Dex:       It affects your dexterity (+2).
   rC:        It protects you from cold.
   Will:      It increases your willpower.
 B - a ring of protection from fire
 C - a ring of positive energy
 D - a ring of wizardry
 H - an amulet of reflection (around neck)
 M - a ring of poison resistance (right claw)
Wands
 r - a wand of charming (15)
 u - a wand of acid (6)
 J - a wand of flame (9)
Scrolls
 d - 2 scrolls of immolation {unknown}
 k - 2 scrolls of vulnerability {unknown}
 l - 2 scrolls of fear
 o - 2 scrolls of noise {unknown}
 p - 4 scrolls of fog
 x - 2 scrolls of blinking {unknown}
 y - a scroll of teleportation
 E - 2 scrolls of torment
 F - a scroll of silence {unknown}
 G - 2 scrolls of enchant weapon {unknown}
 N - 3 scrolls of enchant armour {unknown}
 P - a scroll of acquirement {unknown}
 Q - a scroll of magic mapping {unknown}
Potions
 h - 2 potions of heal wounds
 m - a potion of haste
 n - 2 potions of flight
 q - 4 potions of mutation
 s - 2 potions of degeneration {unknown}
 t - 5 potions of curing
 z - a potion of might
 A - 3 potions of brilliance
 I - 2 potions of invisibility {unknown}
 K - 3 potions of lignification {unknown}


   Skills:
 + Level 7.6 Fighting
 + Level 5.7 Dodging
 + Level 8.3 Shields
 * Level 12.2 Unarmed Combat


You had 10 spell levels left.
You didn't know any spells.
Your spell library contained the following spells:

 Spells                   Type           Power      Damage    Failure   Level
 Beastly Appendage        Tmut           0%         N/A       58%         1
 Foxfire                  Conj/Fire      0%         2x1d4     58%         1
 Sandblast                Erth           0%         2d4       58%         1
 Summon Small Mammal      Summ           0%         N/A       58%         1
 Ensorcelled Hibernation  Hex/Ice        0%         N/A       75%         2
 Passwall                 Tmut/Erth      0%         N/A       75%         2
 Wereblood                Tmut           0%         N/A       75%         2
 Call Canine Familiar     Summ           0%         N/A       92%         3
 Conjure Flame            Conj/Fire      0%         6-21      92%         3
 Inner Flame              Hex/Fire       0%         N/A       92%         3
 Spider Form              Tmut/Pois      0%         N/A       92%         3
 Stone Arrow              Conj/Erth      0%         3d7       92%         3
 Summon Guardian Golem    Hex/Summ       0%         N/A       92%         3
 Swiftness                Air            0%         N/A       92%         3
 Cause Fear               Hex            0%         N/A       100%        4
 Flame Wave               Conj/Fire      0%         2d4       100%        4
 Eringya's Noxious Bog    Tmut/Pois      0%         N/A       100%        6
 Discord                  Hex            0%         N/A       100%        8


Dungeon Overview and Level Annotations

Branches:
Dungeon (11/15)            Temple (1/1) D:5            Lair (0/5) D:10
    Orc (0/2) D:10

Altars:
Cheibriados
Elyvilon
Fedhas
Gozag
Makhleb
Nemelex Xobeh
Okawaru
Qazlal
Sif Muna
Trog
Uskayaw
Vehumet
Wu Jian
Xom
Yredelemnul
Zin
The Shining One

Shops:
D:8 !

Annotations:
D:10 Erolcha


Innate Abilities, Weirdness & Mutations

You are too large for most types of armour.
You have claws for hands.
Your natural rate of healing is unusually fast.
You are covered in fur. (AC +1)
You have tough skin. (AC +1)
You have hidden genetic defects.


Message History

You claw the tentacled starspawn!
The tentacled starspawn is moderately damaged.
The starspawn tentacle grabs you. The starspawn tentacle constricts you.
You scratch the tentacled starspawn.
The tentacled starspawn is moderately damaged.
You block the tentacled starspawn's attack.
The tentacled starspawn barely misses you.
The starspawn tentacle loses its grip on you.
The tentacle pulls you backwards!
A starspawn tentacle segment comes into view.
The starspawn tentacle barely misses you.
You scratch the tentacled starspawn.
The tentacled starspawn is heavily damaged.
The tentacled starspawn bites you!
You block the tentacled starspawn's attack.
The raiju bites you. The raiju shocks you!
You block the starspawn tentacle's attack.
The starspawn tentacle grabs you. The starspawn tentacle constricts you.
As you read the scroll of teleportation, it crumbles to dust.
You feel strangely unstable.
You feel the power of the Abyss delaying your translocation!
You block the tentacled starspawn's attack.
The tentacled starspawn tentacle-slaps you but does no damage.
You block the raiju's attack.
You block the tentacled starspawn's attack.
The tentacled starspawn tentacle-slaps you!!
The starspawn tentacle constricts you.
You feel much better. The raiju barely misses you.
You block the tentacled starspawn's attack. x2
The tentacled starspawn bites you!
You block the tentacled starspawn's attack.
The starspawn tentacle constricts you.
You barely miss the tentacled starspawn.
The starspawn tentacle loses its grip on you.
The tentacled starspawn is moderately damaged.
You feel ill. You block the raiju's attack. The tentacled starspawn bites you!!
The tentacled starspawn tentacle-slaps you!
* * * LOW HITPOINT WARNING * * *
The tentacled starspawn bites you!!
You die...

.. .. ... # #.
#..#... . ..#
.##
#.##.#.#..#
.##.
..####...# # 1
# #.#.#.# ..X.
#....#.....#.#
#.
.#1.w#...###x
.. #wXx#####
#. #@Xw##
#.###wh§.#
#......###
#.......#
.###..#.#
.##### #.. .#
..


You could see a Hell Sentinel, 2 tentacled starspawn, an ancient zyme, a raiju
and 4 starspawn tentacles.

Vanquished Creatures
  Erica (D:10)
  A cyclops (D:11)
  3 manticores (D:11)
  A gargoyle (D:11)
  An unseen horror (D:10)
  An ice devil (Abyss:2)
  A troll (D:11)
  A hornet (D:10)
  Grinder (D:4)
  2 vampires
  2 wyverns
  A wraith (D:11)
  2 centaur simulacra (D:10)
  7 yaks
  3 steam dragons
  A neqoxec (Abyss:2)
  An acid dragon (D:11)
  2 water moccasins
  A meliai simulacrum (D:10)
  3 ice beasts
  2 orc warriors
  A black bear (D:6)
  3 ogres
  3 wolves
  6 centaurs
  A kobold brigand (D:9)
  2 gnoll sergeants (D:5)
  4 bullfrogs
  A necrophage (D:6)
  10 wights
  10 killer bees
  A howler monkey (D:11)
  A quasit (Abyss:2)
  2 jellies
  4 orc priests
  5 hounds
  4 gnoll boudas
  Terence (D:3)
  An iguana (D:4)
  8 orc wizards
  Robin (D:4)
  29 gnolls
  5 adders
  4 white imps (D:10)
  3 ufetubi
  2 worms
  2 dart slugs
  34 orcs
  4 ball pythons
  4 bats
  5 endoplasms
  A giant cockroach (D:3)
  13 goblins
  9 hobgoblins
  11 jackals
  2 quokkas
  2 frilled lizards
  3 kobolds
  7 rats (D:1)
247 creatures vanquished.

Vanquished Creatures (others)
  A bush (D:5)
  6 starspawn tentacles (Abyss:2)
7 creatures vanquished.

Grand Total: 254 creatures vanquished

Notes
Turn   | Place    | Note
-------+----------+-------------------------------------------
     0 | D:1      | LustLizard the Troll Fighter began the quest for the Orb.
     0 | D:1      | Reached XP level 1. HP: 22/22 MP: 0/0
    83 | D:1      | Reached XP level 2. HP: 28/29 MP: 1/1
   782 | D:2      | Reached XP level 3. HP: 36/36 MP: 2/2
   880 | D:2      | Found a shimmering altar of Xom.
   917 | D:2      | Reached skill level 3 in Unarmed Combat
   933 | D:2      | Reached XP level 4. HP: 44/44 MP: 3/3
  1448 | D:3      | Found a large runed translucent door.
  1448 | D:3      | Found a large runed translucent door.
  1466 | D:3      | Noticed Terence
  1477 | D:3      | Killed Terence
  1478 | D:3      | Reached XP level 5. HP: 43/53 MP: 4/4
  1650 | D:3      | Reached skill level 4 in Unarmed Combat
  2118 | D:3      | Found a glowing golden altar of the Shining One.
  2128 | D:3      | Found a bloodstained altar of Trog.
  2300 | D:4      | Noticed Grinder
  2346 | D:4      | Killed Grinder
  2347 | D:4      | Reached skill level 5 in Unarmed Combat
  2347 | D:4      | Reached XP level 6. HP: 11/61 MP: 5/5
  2713 | D:4      | Reached XP level 7. HP: 68/68 MP: 6/6
  2723 | D:4      | Noticed Robin
  2728 | D:4      | Killed Robin
  3052 | D:5      | Entered Level 5 of the Dungeon
  3109 | D:5      | Found a staircase to the Ecumenical Temple.
  3129 | Temple   | Entered the Ecumenical Temple
  3207 | Temple   | Became a worshipper of the Wu Jian Council
  3303 | D:5      | Reached skill level 6 in Unarmed Combat
  3372 | D:5      | Identified the ring "Upseghon" {rC+ Will+ Int+2 Dex+2}
  3454 | D:5      | Reached XP level 8. HP: 17/79 MP: 7/7
  3548 | D:5      | Reached skill level 5 in Shields
  3548 | D:5      | Reached skill level 7 in Unarmed Combat
  3753 | D:5      | Reached * piety under Wu Jian
  3875 | D:5      | Reached skill level 5 in Fighting
  3986 | D:5      | HP: 1/80 [centaur/arrow (14)]
  4075 | D:5      | Reached skill level 8 in Unarmed Combat
  4604 | D:6      | Reached XP level 9. HP: 88/88 MP: 8/8
  4679 | D:6      | Reached skill level 9 in Unarmed Combat
  4684 | D:6      | Got the Compilation of Moulding and Intoxication
  5248 | D:7      | Found a hide-covered altar of Uskayaw.
  5264 | D:7      | Reached ** piety under Wu Jian
  6383 | D:8      | Reached skill level 10 in Unarmed Combat
  6469 | D:8      | Found Buevvawi's Distillery.
  6550 | D:8      | Reached XP level 10. HP: 81/100 MP: 9/9
  6563 | D:8      | Found an iron altar of Okawaru.
  7418 | D:9      | Identified the +7 mace of Koek {venom, *Rage Str+6}
  7832 | D:10     | Entered Level 10 of the Dungeon
  7863 | D:10     | Noticed Erica
  7871 | D:10     | Killed Erica
  7872 | D:10     | Reached skill level 11 in Unarmed Combat
  7939 | D:10     | Reached *** piety under Wu Jian
  7959 | D:10     | Found a staircase to the Orcish Mines.
  8114 | D:10     | Found a blossoming altar of Fedhas.
  8203 | D:10     | Reached skill level 5 in Dodging
  8452 | D:10     | Noticed Erolcha
  8453 | D:10     | Noticed a boulder beetle
  8453 | D:10     | Noticed a centaur warrior
  8453 | D:10     | Noticed a six-headed hydra
  8453 | D:10     | Noticed a cyan ugly thing
  8453 | D:10     | Noticed a red ugly thing
  8496 | D:10     | Reached XP level 11. HP: 35/109 MP: 10/10
  8570 | D:10     | Noticed a centaur warrior
  8570 | D:10     | Noticed a boulder beetle
  8584 | D:10     | Found a staircase to the Lair.
  8929 | D:11     | Upgraded the game from 0.29.0-11-gd7f09526c8 to
                  | 0.29.0-13-gc9e81de378
  9113 | D:11     | Noticed a wizard
  9113 | D:11     | Noticed a cyan ugly thing
  9375 | D:11     | Reached skill level 12 in Unarmed Combat
  9454 | D:11     | Noticed a two-headed ogre
  9593 | Abyss:2  | Cast into level 2 of the Abyss (a wizard)
  9615 | Abyss:2  | Gained mutation: You have hidden genetic defects. [a
                  | neqoxec]
  9667 | Abyss:2  | Noticed a tentacled starspawn
  9700 | Abyss:2  | Noticed a tentacled starspawn
  9701 | Abyss:2  | Noticed a Hell Sentinel
  9725 | Abyss:2  | Mangled by a tentacled starspawn

Illustrated notes

Levels and vault maps discovered:
D:1:      wander_arrival_fairy_ring, layout_basic, serial_rivers,
          chequers_serial_rivers_micro_a, chequers_serial_rivers_small_b,
          chequers_serial_rivers_large_a, chequers_serial_rivers_room_b
D:2:      layout_loops_ring, basic_altar
D:3:      layout_basic, jmf_multi_god_temple2, grunt_ministairs_3, uniq_terence
D:4:      layout_loops_ring, serial_forest, infiniplex_forest_clump_C,
          infiniplex_forest_lined_3, infiniplex_forest_zigzag_1,
          infiniplex_forest_end_2, infiniplex_forest_straight_5,
          infiniplex_forest_straight_4, uniq_robin, uniq_grinder
D:5:      layout_cave_pools, minmay_temple_entry_sparse_star, serial_gnoll_camp,
          gnoll_camp_mini_basic, gnoll_camp_mini_basic, gnoll_camp_mini_house,
          gnoll_camp_mini_doghouse, kb_lookout_dungeons_type,
          grunt_decor_one_mirror
D:6:      layout_gridville
D:7:      layout_basic, old_standard_altar
D:8:      layout_basic, kennysheep_okawaru_gauntlet, serial_shops, shop_statue
D:9:      layout_loops_ring
D:10:     layout_big_octagon, mainiacjoe_overflow_brackets, lair_entry_dummy,
          serial_ice, serial_ice_m, serial_ice_l, serial_ice_o, serial_ice_h,
          minivault_12, uniq_erolcha, uniq_erica
D:11:     layout_stronghold, minmay_alternating_orb
Temple:   minmay_crystal_spiral_temple
Abyss:2:  base:
D:10

Skill      XL: |  1  2  3  4  5  6  7  8  9 10 11 |
---------------+----------------------------------+-----
Shields        | 3 4 6 7 8 |  8.3
Unarmed Combat | 3 5 6 8 10 11 12 | 12.2
Fighting       | 3 4 5 6 7 |  7.6
Dodging        | 3 5 |  5.7

Action                   |  1- 3 |  4- 6 |  7- 9 | 10-12 || total
-------------------------+-------+-------+-------+-------++-------
Melee: Unarmed           |    69 |   149 |   320 |   240 ||   778
Throw: Dart              |       |       |     2 |       ||     2
       Stone             |       |       |       |    15 ||    15
       Javelin           |       |       |       |     1 ||     1
Invok: Lunge             |       |       |    38 |    24 ||    62
       Whirlwind         |       |       |     3 |    11 ||    14
  Use: Potion            |       |     1 |     2 |     2 ||     5
       Scroll            |       |       |     6 |     5 ||    11
 Stab: Sleeping          |       |       |     2 |       ||     2
Armor: Robe              |    12 |    24 |    27 |    29 ||    92
       Animal skin       |       |       |       |     8 ||     8
Dodge: Dodged            |    20 |    47 |    88 |    62 ||   217
Block: Kite shield       |    33 |    49 |   136 |   170 ||   388
       Reflection        |       |       |       |     7 ||     7
